 Dungeon Crawl Stone Soup version 0.17-a0-1446-gc28613e (webtiles) character file.

105 urechis the Ruffian (level 4, -1/44 HPs)
             Began as a Troll Monk on June 28, 2015.
             Slain by cireshan's ghost (20 damage)
             ... on level 3 of the Dungeon.
             The game lasted 00:02:32 (1503 turns).

urechis the Ruffian (Troll Monk)                    Turns: 1503, Time: 00:02:32

Health: -1/44      AC:  5    Str: 19    XL:     4   Next: 54%
Magic:  3/3        EV: 10    Int:  6    God:
Gold:   124        SH:  0    Dex: 13    Spells: 0 memorised, 3 levels left

rFire  . . .     SeeInvis .       - Unarmed
rCold  . . .     Clarity  .     a - +0 robe
rNeg   . . .     SustAt   .     (no shield)
rPois  .         Gourm    +     (helmet restricted)
rElec  .         Spirit   .     (no cloak)
rCorr  .         Warding  .     (gloves unavailable)
rMut   .         Stasis   .     (boots unavailable)
MR     .....                    (no amulet)
Stlth  +.........               (no ring)
                                (no ring)

@: not resistant to hostile enchantments, very unstealthy
A: unfitting armour, claws 3, fast metabolism 3, gourmand, regeneration 2,
shaggy fur 1, tough skin 2
a: no special abilities


You were on level 3 of the Dungeon.
You were very full.

You visited 1 branch of the dungeon, and saw 3 of its levels.

You collected 124 gold pieces.

Inventory:

Armour
 a - a +0 robe (worn)
Scrolls
 c - 3 scrolls of identify {unknown}
 h - a scroll of immolation {unknown}
 i - a scroll of remove curse {unknown}
 l - a scroll of enchant armour {unknown}
 n - 2 scrolls of fear {unknown}
 r - a scroll of teleportation {unknown}
Potions
 d - 2 potions of heal wounds {unknown}
 e - a potion of ambrosia {unknown}
 f - 2 potions of curing {unknown}
 g - a potion of magic {unknown}
 j - a potion of beneficial mutation {unknown}
 q - a potion of degeneration {unknown}
 s - a potion of flight {unknown}
Comestibles
 b - 2 bread rations
 k - a fruit
 m - a beef jerky
 o - a meat ration
 p - 2 chunks of flesh


   Skills:
 - Level 2.4 Fighting
 - Level 2.4 Dodging
 - Level 1.1 Stealth
 + Level 6.0 Unarmed Combat


You had 3 spell levels left.
You didn't know any spells.

Dungeon Overview and Level Annotations

Branches:
Dungeon (3/15)

Altars:
Okawaru
The Shining One

Annotations:
D:3 cireshan's ghost, average HuWn


Innate Abilities, Weirdness & Mutations

You are too large for most types of armour.
You have claws for hands.
Your metabolism is lightning-fast.
You like to eat raw meat.
You heal very quickly.
You are covered in fur (AC +1).
You have very tough skin (AC +2).


Message History

No target in view!
Cireshan's ghost (average Human Wanderer) comes into view.
It is wielding a weapon of electrocution.
Cireshan's ghost turns its malevolent gaze towards you.
Cireshan's ghost whispers, "There is no future for you."
Cireshan's ghost hits you.
You are electrocuted!
You scratch cireshan's ghost but do no damage.
Cireshan's ghost shouts, "They lied to you.
The Dungeon just goes down and down forever."
Cireshan's ghost hits you but does no damage.
You are electrocuted!
You claw cireshan's ghost!
Cireshan's ghost is moderately damaged.
You scratch cireshan's ghost.
Cireshan's ghost is heavily damaged.
Cireshan's ghost screams, "Zot is a myth, the ORB is a fable, you'll soon be a tale!"
Cireshan's ghost hits you.
You scratch cireshan's ghost.
Cireshan's ghost is heavily damaged.
Cireshan's ghost hits you but does no damage.
You are electrocuted!
You die...

..# ..# #..#
########..#
#.........# #.##
#W......#.....
#.@.....#...#
#.#.......#...##
.................
#########......#
..........#.#.#
##############).#
# #.......# #..#
#.#####.######..#
#.# #.#.......#


You could see cireshan's ghost.

Vanquished Creatures
  5 adders (D:2)
  A giant gecko (D:2)
  2 orcs (D:3)
  3 giant cockroaches
  9 goblins
  6 hobgoblins
  3 jackals (D:2)
  A quokka (D:2)
  A ball python (D:2)
  7 bats
  A giant newt (D:1)
  13 kobolds
  9 rats
61 creatures vanquished.

Notes
Turn   | Place    | Note
--------------------------------------------------------------
     0 | D:1      | urechis the Troll Monk began the quest for the Orb.
     0 | D:1      | Reached XP level 1. HP: 22/22 MP: 0/0
   231 | D:1      | Reached XP level 2. HP: 29/29 MP: 1/1
   516 | D:1      | Reached skill level 5 in Unarmed Combat
   516 | D:1      | Reached XP level 3. HP: 33/36 MP: 2/2
   917 | D:2      | Found an iron altar of Okawaru.
   917 | D:2      | Found a glowing golden altar of the Shining One.
  1200 | D:2      | Reached XP level 4. HP: 44/44 MP: 3/3
  1310 | D:2      | Reached skill level 6 in Unarmed Combat
  1495 | D:3      | Noticed cireshan's ghost (average HuWn)
  1503 | D:3      | Slain by cireshan's ghost

Vault maps used:
D:1:      sevenhm_arrival_forest_fort_small_4, minmay_misc_feat_more_columns,
          minmay_cut_off
D:2:      gammafunk_temple_overflow_statue
D:3:      vehumet_altar_wand_db, amethyst_killhole, grunt_ministairs_3,
          nemelex_spade_bored_becter

Action                   |  1- 3 |  4- 6 || total
-------------------------+-------+-------++-------
Melee: Unarmed           |   126 |    21 ||   147
 Stab: Sleeping          |     2 |     2 ||     4
  Eat: Chunk             |    16 |     1 ||    17
